 Dungeon Crawl Stone Soup version 0.18-a0-1773-gec4f98e (webtiles) character file.

86 barb4r1an the Covered (level 4, -4/29 HPs)
             Began as a Gargoyle Fighter on Apr 14, 2016.
             Killed by nerve-wracking pain
             ... invoked by a shadow imp
             ... summoned by Natasha
              (14 damage)
             ... on level 2 of the Dungeon.
             The game lasted 00:03:02 (1150 turns).

barb4r1an the Covered (Gargoyle Fighter)            Turns: 1150, Time: 00:03:02

Health: -4/29      AC: 11    Str: 21    XL:     4   Next: 49%
Magic:  4/4        EV:  8    Int:  8    God:
Gold:   112        SH:  9    Dex:  9    Spells: 0 memorised, 3 levels left

rFire  . . .     SeeInvis .     a - +0 flail
rCold  . . .     Gourm    .     b - +0 scale mail
rNeg   + . .     Faith    .     c - +0 shield
rPois  ∞         Spirit   .     m - +0 helmet
rElec  +         Dismiss  .     (no cloak)
rCorr  .         Reflect  .     (no gloves)
SustAt .         Harm     .     (no boots)
MR     .....                    (no amulet)
Stlth  ..........               (no ring)
                                (no ring)

@: not resistant to hostile enchantments, extremely unstealthy
A: negative energy resistance 1, electricity resistance, unbreathing,
petrification resistance, rot immunity, AC +3
a: no special abilities


You were on level 2 of the Dungeon.
You were very hungry.

You visited 1 branch of the dungeon, and saw 2 of its levels.

You collected 112 gold pieces.

Inventory:

Hand Weapons
 a - a +0 flail (weapon)
Armour
 b - a +0 scale mail (worn)
 c - a +0 shield (worn)
 m - a +0 helmet (worn)
Scrolls
 g - a scroll of enchant armour {unknown}
 h - 2 scrolls of remove curse {unknown}
 k - a scroll of identify {unknown}
 l - a scroll of magic mapping {unknown}
Potions
 d - a potion of might
 e - a potion of invisibility {unknown}
 i - 2 potions of curing {unknown}
Comestibles
 f - 3 bread rations
 j - a meat ration


   Skills:
 + Level 3.8 Fighting
 + Level 2.2 Maces & Flails
 + Level 4.0 Armour
 + Level 1.2 Dodging
 + Level 4.0 Shields


You had 3 spell levels left.
You didn't know any spells.

Dungeon Overview and Level Annotations

Branches:
Dungeon (2/15)

Altars:

Annotations:
D:2 Natasha


Innate Abilities, Weirdness & Mutations

You are resistant to torment.
Your stone body is resilient (AC +3).
You are immune to poison.
You resist negative energy.
You are resistant to electric shocks.
You can survive without breathing.
You are immune to petrification.
You are immune to rotting.


Message History

You hit Natasha.
Natasha is heavily wounded.
The crimson imp barely misses you. You block Natasha's attack.
The white imp hits you but does no damage.
The shadow imp closely misses you.
The crimson imp hits you but does no damage.
Natasha claws you but does no damage. The white imp hits you.
The white imp freezes you. The shadow imp hits you.
You closely miss Natasha.
Natasha is heavily wounded.
You feel yourself speed up.
The crimson imp hits you but does no damage.
Natasha claws you.
The white imp hits you but does no damage.
The shadow imp hits you.
The crimson imp hits you but does no damage.
Natasha closely misses you. The shadow imp gestures at you.
Pain shoots through your body!
You die...

#.. ... .. ... #....
...... .#.... ....#.#
...... ....#.####......
....?........... #
#.....5..†...#
##.#####.h@.)...#
.........5.5....#
#...............#
................#
................#
.#.....#........#......#
#.###.#........#......#
#.###.#........#......#
..............#......#


You could see Natasha, a crimson imp, a white imp and a shadow imp.

Vanquished Creatures
  Natasha (D:2)
  Robin (D:2)
  An adder (D:2)
  2 giant cockroaches (D:1)
  12 goblins
  10 hobgoblins
  A bat (D:1)
  2 giant newts (D:1)
  4 kobolds
  4 rats
38 creatures vanquished.

Notes
Turn   | Place    | Note
--------------------------------------------------------------
     0 | D:1      | barb4r1an the Gargoyle Fighter began the quest for the Orb.
     0 | D:1      | Reached XP level 1. HP: 14/14 MP: 1/1
    46 | D:1      | Reached XP level 2. HP: 17/19 MP: 2/2
   570 | D:2      | Noticed Robin
   594 | D:1      | Reached XP level 3. HP: 10/23 MP: 3/3
   876 | D:2      | Killed Robin
  1068 | D:2      | Noticed Natasha
  1074 | D:2      | Killed Natasha
  1074 | D:2      | Reached skill level 1 in Dodging
  1074 | D:2      | Reached XP level 4. HP: 26/28 MP: 4/4
  1136 | D:2      | Noticed Natasha
  1150 | D:2      | Killed from afar by a shadow imp

Vault maps used:
D:1:      dpeg_arrival_refuge
D:2:      gammafunk_temple_overflow_elements, roderic_nine_men_s_morris,
          minivault_25, uniq_natasha, uniq_robin

Skill      XL: |  1  2  3 |
---------------+----------+-----
Armour         | 4 |  4.0
Dodging        | 1 |  1.2
Shields        | 4 |  4.0
Fighting       | |  3.8
Maces & Flails | |  2.2

Action                   |  1- 3 |  4- 6 || total
-------------------------+-------+-------++-------
Melee: Flail             |   140 |    29 ||   169
Armor: Scale mail        |   126 |    24 ||   150
Dodge: Dodged            |    85 |    13 ||    98
Block: Shield            |   113 |    15 ||   128
